 Dungeon Crawl Stone Soup version 0.31.0-32-g396128a36d (webtiles) character file.

Game seed: 7100851678690157891

242 PriceMaster the Gusty (level 6, -1/29 HPs)
             Began as a Vine Stalker Air Elementalist on Mar 26, 2024.
             Was an Initiate of Yredelemnul.
             Slain by an orc
             ... wielding a +0 club
              (4 damage)
             ... on level 4 of the Dungeon.
             The game lasted 00:06:02 (3675 turns).

PriceMaster the Gusty (VSAE)                        Turns: 3675, Time: 00:06:04

Health: -1/29      AC:  2    Str: 11    XL:     6   Next: 9%
Magic:  0/12       EV: 12    Int: 17    God:    Yredelemnul [......]
Gold:   188        SH:  0    Dex: 14    Spells: 6/12 levels left

rFire   . . .        l - +0 rapier
rCold   . . .        (no shield)
rNeg    . . .        a - +0 robe
rPois   .            (no helmet)
rElec   .            o - scarf {repulsion}
rCorr   .            (no gloves)
SInv    .            (no boots)
Will    .....        (no amulet)
Stlth   ++           (no ring)
HPRegen 1.04/turn    (no ring)
MPRegen 0.13/turn

%: repel missiles, guardian spirit
@: no status effects
A: fangs 2, regeneration 1, magic shield, antimagic bite, no potion heal 2
a: Renounce Religion, Recall Undead Harvest


You were on level 4 of the Dungeon.
You worshipped Yredelemnul.
Yredelemnul was noncommittal.
You visited 1 branch of the dungeon, and saw 4 of its levels.

You collected 188 gold pieces.

Inventory:

Hand Weapons
 f - a +0 club
 g - a +0 short sword
 l - a +0 rapier (weapon)
Armour
 a - a +0 robe (worn)
 b - a +0 pair of gloves
 o - a scarf of repulsion (worn)
Magical Staves
 p - a staff of cold
Jewellery
 n - a ring of resist corrosion
Wands
 m - a wand of mindburst (13)
Scrolls
 d - 2 scrolls of revelation
 e - 4 scrolls of identify
 k - a scroll of poison {unknown}
Potions
 i - 2 potions of curing {unknown}
 j - a potion of enlightenment {unknown}
 q - a potion of might {unknown}


   Skills:
 + Level 0.8 Fighting
 + Level 1.4 Short Blades
 + Level 2.3 Dodging
 + Level 2.8 Stealth
 + Level 0.1 Unarmed Combat
 + Level 3.7 Spellcasting
 + Level 1.8 Conjurations
 + Level 4.3 Air Magic
 + Level 0.1 Evocations


You had 6 spell levels left.
You knew the following spells:

 Your Spells              Type           Power      Damage    Failure   Level
a - Shock                 Conj/Air       52%        1d6       4%          1
b - Static Discharge      Conj/Air       26%        3-5/arc   7%          2
c - Swiftness             Air            17%        N/A       9%          3

Your spell library contained the following spells:

 Spells                   Type           Power      Damage    Failure   Level
 Airstrike                Air            8%         2d(2-18)  26%         4


Dungeon Overview and Level Annotations

Branches:
Dungeon (4/15)
 Temple: D:4-7

Altars:
Okawaru
Sif Muna
Yredelemnul

Annotations:
D:4 Dowan; Duvessa; Pollywompus's ghost, novice GrGl


Innate Abilities, Weirdness & Mutations

You have extremely sharp teeth.
Your natural rate of healing is unusually fast.
When hurt, damage is shared between your health and your magic reserves.
Your bite disrupts and absorbs the magic of your enemies.
Potions cannot restore your health.


Message History

The ball python bites you. The ball python grabs you.
The ball python constricts you.
Casting: Static Discharge (safe; 8% risk of failure)
Confirm with . or Enter, or press ? or * to list all spells.
Aiming: Shock (safe; 4% risk of failure)
Press: ? - help, Shift-Dir - straight line The zap hits the ball python.
You kill the ball python!
The zap hits the centaur.
The centaur is moderately wounded.
The zap hits the centaur.
The centaur is heavily wounded.
The dead are slithering!
The centaur shoots an arrow.
The arrow hits you. Something hits you.
The centaur shoots an arrow.
The arrow closely misses you.
Aiming: Mindburst
Press: ? - help, Shift-Dir - straight line The centaur's mind is blasted!
Your ball python zombie barely misses the centaur.
Aiming: Mindburst
Press: ? - help, Shift-Dir - straight line The centaur struggles to resist.
The centaur unwields a +0 shortbow.
The centaur hits you but does no damage.
The centaur kicks you but does no damage.
Something hits you but does no damage. The centaur barely misses you. x2
Your ball python zombie bites the centaur but does no damage.
Aiming: Mindburst
Press: ? - help, Shift-Dir - straight line The centaur's mind is blasted!!
You blow up the centaur!
The orc hits you with a +0 club. Something hits you.
Your ball python zombie bites Duvessa but does no damage.
Your ball python zombie barely misses Duvessa.
You have reached level 6!
Aiming: Mindburst
Press: ? - help, Shift-Dir - straight line Duvessa's mind is blasted!!
Duvessa hits you with a +0 short sword!
* * * LOW HITPOINT WARNING * * *
The orc hits you with a +0 club.
You die...
Your body rises from the dead as a mindless zombie.

#...r..ec.......
.
#...##..o...#....
##...###.....#.#.
##.....###....# #
#...Wr..##....#
#..#.#..####..#
#.......# #.#
#..Zeo..# .#
#...@...#
#..#.#..#
#.......#
##.....## ##...##
#####


You could see Duvessa, Pollywompus's ghost, an orc (ally target), a quokka and a
friendly ball python zombie.

Vanquished Creatures
  A centaur (D:4)
  A weeping skull (D:3)
  2 adders (D:3)
  A dart slug (D:3)
  9 bats
  10 endoplasms
  A giant cockroach (D:1)
  3 goblins
  5 hobgoblins
  6 jackals
  5 kobolds
  8 quokkas
  5 ball pythons
  5 frilled lizards
  8 rats
  A spectral orc (D:3)
71 creatures vanquished.

Notes
Turn   | Place    | Note
-------+----------+-------------------------------------------
     0 | D:1      | PriceMaster the Vine Stalker Air Elementalist began the
                  | quest for the Orb.
     0 | D:1      | Reached XP level 1. HP: 9/9 MP: 4/4
   127 | D:1      | Reached XP level 2. HP: 13/13 MP: 0/6
   808 | D:1      | Reached XP level 3. HP: 16/16 MP: 0/7
   811 | D:1      | Learned a level 2 spell: Static Discharge
   815 | D:1      | Learned a level 3 spell: Swiftness
  2512 | D:3      | Found a runed translucent door.
  2614 | D:3      | Reached XP level 4. HP: 17/21 MP: 9/9
  2676 | D:3      | Found a faded altar of an unknown god.
  3225 | D:3      | Found an iron altar of Okawaru.
  3362 | D:3      | Found a basalt altar of Yredelemnul.
  3362 | D:3      | Noticed a weeping skull
  3372 | D:3      | Killed a weeping skull
  3373 | D:3      | Reached skill level 1 in Short Blades
  3373 | D:3      | Reached skill level 4 in Air Magic
  3373 | D:3      | Reached XP level 5. HP: 24/25 MP: 3/11
  3378 | D:3      | Became a worshipper of Yredelemnul the Dark
  3570 | D:3      | Noticed Pollywompus's ghost (novice GrGl)
  3622 | D:4      | Noticed a centaur
  3638 | D:4      | Noticed Dowan
  3639 | D:4      | Noticed Duvessa
  3647 | D:4      | Noticed a black bear
  3658 | D:4      | Found a shimmering blue altar of Sif Muna.
  3674 | D:4      | Killed a centaur
  3675 | D:4      | Reached XP level 6. HP: 11/29 MP: 0/12
  3675 | D:4      | Slain by an orc

Illustrated notes

Levels and vault maps discovered:
D:1:      dpeg_arrival_tiny_g, layout_loops_cross
D:2:      layout_loops_cross
D:3:      layout_basic, yredelemnul_forgotten_temple_becter, okawaru_trees_1,
          ebering_ghost_reflecting_pool, hellmonk_ecumenical_altar_lost_god
D:4:      layout_cave_pools, mainiacjoe_overflow_catwalk,
          hellmonk_sif_muna_bookshelves, nicolae_tso_carved_into_rock,
          minmay_temple_entry_gardened_gates, serial_shops, shop,
          minmay_misc_feat_more_columns, uniq_duvessa

Skill      XL: |  1  2  3  4 |
---------------+-------------+-----
Dodging        | 2 |  2.3
Spellcasting   | 3 |  3.7
Short Blades   | 1 |  1.4
Air Magic      | 4 |  4.3
Fighting       | |  0.8
Stealth        | |  2.8
Unarmed Combat | |  0.1
Conjurations   | |  1.8
Evocations     | |  0.1

Action                     |  1- 3 |  4- 6 || total
---------------------------+-------+-------++-------
  Melee: Unarmed           |     4 |       ||     4
         Club              |     3 |       ||     3
         Bite              |    17 |     7 ||    24
         Short sword       |    33 |       ||    33
         Rapier            |    17 |    30 ||    47
   Cast: Shock             |    80 |     6 ||    86
         Swiftness         |    14 |    10 ||    24
         Static Discharge  |     2 |    10 ||    12
  Evoke: Wand              |       |     4 ||     4
    Use: Potion            |       |     3 ||     3
         Scroll            |       |     1 ||     1
   Stab: Sleeping          |     1 |     3 ||     4
 Armour: Robe              |    42 |    61 ||   103
  Dodge: Dodged            |    56 |    70 ||   126
